AoeStats
← Rabo

Arena

505790807Analyzed
2v2 RM · 21d ago on Sep 11, 2026· 31m 19s· 4 players
Game mode
Random Map
Map size
Medium (4 player)
Population
200
Speed
Normal
Resources
Standard
Victory
Conquest
Starting age
Dark Age
Ending age
Imperial Age
RankedLock teamsTeams togetherTeam positionsShared explorationLock speedFull tech treeHidden civsTurbo modeCheats
Victory
Defeat
🇺🇸 Bohemians · United States
1285
+9
🇺🇸 Goths · United States
978
+22
🇨🇱 Persians · Chile
1123
-16
🇨🇱 Khmer · Chile
1101
-15
fack1u
9:44 Feudal Age
13:46 Castle Age
12:42 Double-Bit Axe
21:28 Bow Saw
22:34 Gold Mining
23:08 Stone Mining
26:02 Loom
26:57 Stone Shaft Mining
27:46 Devotion
31:57 Wheelbarrow
31:04 Horse Collar
Rabo
9:58 Feudal Age
13:24 Castle Age
28:53 Double-Bit Axe
PeacefulFarmer
8:46 Loom
10:31 Feudal Age
14:33 Castle Age
12:44 Double-Bit Axe
12:51 Horse Collar
16:04 Bow Saw
16:20 Fletching
19:18 Wheelbarrow
21:18 Town Watch
22:27 Bodkin Arrow
24:15 Sanctity
27:27 Redemption
30:19 Imperial Age
30:24 Chemistry
29:22 Murder Holes
29:45 Masonry
31:24 Chemistry
32:03 Block Printing
SolidSnake
3:07 Loom
11:05 Feudal Age
17:23 Castle Age
15:34 Stone Mining
15:57 Double-Bit Axe
16:32 Horse Collar
17:52 Gold Mining
22:21 Fletching
23:02 Scale Mail Armor
24:19 Squires
25:01 Chain Mail Armor
26:30 Town Watch
29:16 Coinage
31:57 Wheelbarrow
Connection lost

Rejoining the realm…

Still unreachable

The connection could not be restored.

Session expired

The server has moved on; the page needs a fresh start.